 Dungeon Crawl Stone Soup version 0.29-a0-821-g66395355a5 (webtiles) character file.

Game seed: 1171922688278857166

34 quixfox the Trooper (level 3, -4/33 HPs)
             Began as a Hill Orc Fighter on July 7, 2022.
             Slain by Sigmund
             ... wielding a +0 scythe
              (7 damage)
             ... on level 2 of the Dungeon.
             The game lasted 00:01:20 (1183 turns).

quixfox the Trooper (Hill Orc Fighter)              Turns: 1183, Time: 00:01:21

Health: -4/33      AC:  8    Str: 20    XL:     3   Next: 31%
Magic:  3/3        EV:  9    Int:  8    God:
Gold:   35         SH:  4    Dex: 10    Spells: 2/2 levels left

rFire   . . .      SeeInvis .   a - +0 war axe
rCold   . . .      Faith    .   c - +0 buckler
rNeg    . . .      Spirit   .   b - +0 scale mail
rPois   .          Reflect  .   (no helmet)
rElec   .          Harm     .   (no cloak)
rCorr   .          Rampage  .   e - +0 pair of gloves
Will    .....                   (no boots)
Stlth   ..........              (no amulet)
HPRegen 0.11/turn               (no ring)
MPRegen 0.08/turn               (no ring)

@: mighty
A: no striking features
a: no special abilities


You were on level 2 of the Dungeon.
You visited 1 branch of the dungeon, and saw 2 of its levels.

You collected 35 gold pieces.

Inventory:

Hand Weapons
 a - a +0 war axe (weapon)
Missiles
 h - 3 poisoned darts
 i - 2 boomerangs (quivered)
Armour
 b - a +0 scale mail (worn)
 c - a +0 buckler (worn)
 e - a +0 pair of gloves (worn)
Scrolls
 f - a scroll of noise {unknown}
 g - a scroll of teleportation {unknown}
 j - a scroll of identify {unknown}
 k - a scroll of enchant weapon {unknown}


   Skills:
 + Level 4.0 Fighting
 * Level 3.7 Axes
 + Level 3.6 Armour
 + Level 3.6 Shields


You had 2 spell levels left.
You didn't know any spells.
Your spell library was empty.

Dungeon Overview and Level Annotations

Branches:
Dungeon (2/15)

Altars:

Annotations:
D:2 Sigmund


Message History

There is an open door here.
Found a faded altar of an unknown god.
You now have 35 gold pieces (gained 11).
k - a scroll labelled PETAOQ YLITH You open the door.
There is an open door here.
There is a faded altar of an unknown god here.
You open the door.
There is an open door here.
Sigmund the Dreaded comes into view.
He is wielding a +0 scythe.
Sigmund shouts!
Sigmund gestures at you while chanting. You resist with significant effort.
You feel very mighty all of a sudden. Sigmund closely misses you.
You closely miss Sigmund. Sigmund barely misses you.
You closely miss Sigmund. You closely miss Sigmund.
Sigmund casts a spell at you.
You are confused.
Sigmund flickers, as though insubstantial.
Sigmund barely misses you.
You miss Sigmund. Sigmund closely misses you.
You're too confused to move!
Sigmund attacks as you move away! Sigmund hits you with a +0 scythe!
Sigmund mumbles some strange words.
Sigmund flickers and vanishes!
Deactivating autopickup; reactivate with Ctrl-A.
Something hits you.
You closely miss something.
You feel less confused. Something hits you but does no damage.
You closely miss something. You miss something. Something hits you!
You barely miss something. Something hits you.
* * * LOW HITPOINT WARNING * * *
You miss something. Something hits you.
* * * LOW HITPOINT WARNING * * *
You barely miss something. Something hits you!
You die...

.##..##.# #.# .....##.#
#.# .##'###.# #.#
.#...##.# #.# ......#_#
##.# ........# ##..###
........####.....######.
........'...............
........####...#@######.
.......## ##.##{#
#.....## ####.# ##...##
..# ##'## #.# #.# ..#
###.####### #.#
..........# ..#
##....###.#


There were no monsters in sight!

Vanquished Creatures
  An adder (D:2)
  A worm (D:2)
  2 dart slugs (D:1)
  A ball python (D:1)
  A bat (D:1)
  3 endoplasms
  A giant cockroach (D:1)
  A goblin (D:1)
  A hobgoblin (D:2)
  2 quokkas (D:1)
  2 rats (D:1)
16 creatures vanquished.

Notes
Turn   | Place    | Note
-------+----------+-------------------------------------------
     0 | D:1      | quixfox the Hill Orc Fighter began the quest for the Orb.
     0 | D:1      | Reached XP level 1. HP: 19/19 MP: 1/1
    97 | D:1      | Reached XP level 2. HP: 16/27 MP: 2/2
   815 | D:2      | Reached XP level 3. HP: 31/33 MP: 3/3
   847 | D:2      | Reached skill level 4 in Fighting
  1111 | D:2      | Found a faded altar of an unknown god.
  1165 | D:2      | Noticed Sigmund
  1183 | D:2      | Slain by Sigmund

Illustrated notes

Levels and vault maps discovered:
D:1:      minmay_arrival_four_circles, layout_loops_ring
D:2:      layout_loops_corners, basic_ecumenical_altar, uniq_crazy_yiuf_cottage,
          uniq_terence, uniq_sigmund

Skill      XL: |  1  2  3 |
---------------+----------+-----
Axes           | 3 |  3.7
Fighting       | 4 |  4.0
Armour         | |  3.6
Shields        | |  3.6

Action                   || total
-------------------------++-------
Melee: War axe           ||    54
  Use: Potion            ||     1
Armor: Scale mail        ||    18
Dodge: Dodged            ||    17
Block: Buckler           ||     6

Table legend: (Time is in decaauts)
 A = Elapsed time spent in this place.
 B = Non-inter-level travel time spent in this place.
 C = Inter-level travel time spent in this place.
 D = Time resting spent in this place.
 E = Time spent auto-exploring this place.
 F = Levels seen in this place.
 G = Mean time per level.
                   A        B        C        D        E       F      G
               +--------+--------+--------+--------+--------+-----+--------+
         Total |   1202 |   1191 |     11 |    245 |    782 |   2 |  601.0 |
       Dungeon |   1202 |   1191 |     11 |    245 |    782 |   2 |  601.0 |
               +--------+--------+--------+--------+--------+-----+--------+

Top non-repeatable levels by time:
     D:1: 687 daAuts
     D:2: 515 daAuts
